 Dungeon Crawl Stone Soup version 0.24.0-35-gdb84b6a5db (webtiles) character file.

Game seed: 13172387693577874709, levelgen mode: deterministic

25 Iamsoldier the Charmwright (level 3, -1/31 HPs)
             Began as a Gnoll Skald on Nov 20, 2019.
             Slain by Sigmund
             ... wielding a +0 scythe of venom
              (4 damage)
             ... on level 2 of the Dungeon.
             The game lasted 00:02:21 (749 turns).

Iamsoldier the Charmwright (Gnoll Skald)             Turns: 749, Time: 00:02:21

Health: -1/31      AC:  3    Str: 13    XL:     3   Next: 4%
Magic:  5/9        EV: 14    Int: 16    God:
Gold:   41         SH:  0    Dex: 14    Spells: 2/11 levels left

rFire    . . .     SeeInvis .   a - +0 spear
rCold    . . .     Gourm    .   (no shield)
rNeg     . . .     Faith    .   g - +0 leather armour
rPois    .         Spirit   .   (no helmet)
rElec    .         Reflect  .   (no cloak)
rCorr    .         Harm     .   (no gloves)
MR       .....                  (no boots)
Stlth    +.........             (no amulet)
HPRegen  0.10/turn              (no ring)
MPRegen  0.11/turn              (no ring)

@: lethally poisoned (-1 -> -20)
A: distributed training, fangs 1, strong nose
a: no special abilities


You were on level 2 of the Dungeon.
You were not hungry.

You visited 1 branch of the dungeon, and saw 2 of its levels.

You collected 41 gold pieces.

Inventory:

Hand Weapons
 a - a +0 spear (weapon)
 b - a +3 dagger of holy wrath
Armour
 g - a +0 leather armour (worn)
Scrolls
 c - a scroll of enchant weapon {unknown}
 e - a scroll of teleportation {unknown}
 j - a scroll of immolation {unknown}
 l - a scroll of identify {unknown}
 m - a scroll of noise {unknown}
 n - a scroll of fear {unknown}
Potions
 h - a potion of magic {unknown}
 i - a potion of invisibility {unknown}
 k - a potion of mutation {unknown}
Comestibles
 d - 3 rations


   Skills:
 + Level 4.5 Fighting
 + Level 0.5 Short Blades
 + Level 0.5 Long Blades
 + Level 0.5 Axes
 + Level 0.5 Maces & Flails
 + Level 4.5 Polearms
 + Level 0.5 Staves
 + Level 0.5 Slings
 + Level 0.5 Bows
 + Level 0.5 Crossbows
 + Level 0.5 Throwing
 + Level 2.5 Armour
 + Level 4.5 Dodging
 + Level 0.5 Stealth
 + Level 0.5 Shields
 + Level 0.5 Unarmed Combat
 + Level 4.9 Spellcasting
 + Level 0.4 Conjurations
 + Level 0.4 Hexes
 + Level 5.4 Charms
 + Level 0.4 Summonings
 + Level 0.4 Necromancy
 + Level 0.4 Translocations
 + Level 0.4 Transmutations
 + Level 0.4 Fire Magic
 + Level 0.4 Ice Magic
 + Level 0.4 Air Magic
 + Level 0.4 Earth Magic
 + Level 0.4 Poison Magic
 + Level 0.7 Invocations
 + Level 0.5 Evocations


You had 2 spell levels left.
You knew the following spells:

 Your Spells              Type           Power        Failure   Level  Hunger
a - Infusion              Chrm           ###.         2%          1    None
b - Shroud of Golubria    Chrm/Tloc      ##....       9%          2    ##.....
c - Spectral Weapon       Hex/Chrm       ##......     19%         3    ###....
d - Regeneration          Chrm/Necr      ##........   19%         3    ###....

Your spell library contained the following spells:

 Spells                   Type           Power        Failure   Level  Hunger
 Song of Slaying          Chrm           ###.....     3%          2    ##.....


Dungeon Overview and Level Annotations

Branches:
Dungeon (2/15)

Altars:

Annotations:
D:2 Sigmund


Innate Abilities, Weirdness & Mutations

Your experience applies equally to all skills.
You have very sharp teeth.
Your uncanny sense of smell can sniff out nearby items.


Message History

Evoke which item? (* to show all) (? for menu, Esc to quit)
Attack whom?
Press: ? - help, Dir - move target cursor You reach to attack!
You barely miss something.
* * * LOW HITPOINT WARNING * * *
You feel sick. Something hits you but does no damage.
You are more poisoned.
Evoke which item? (* to show all) (? for menu, Esc to quit)
Attack whom?
Press: ? - help, Dir - move target cursor You reach to attack!
You hit something.
* * * LOW HITPOINT WARNING * * *
You feel sick.
Evoke which item? (* to show all) (? for menu, Esc to quit)
Attack whom?
Press: ? - help, Dir - move target cursor You could not reach far enough!
* * * LOW HITPOINT WARNING * * *
You feel sick. Something hits you.
You die...

∆
######
#....#
#@##{#
#.##(#
#@#@.#
#.####
#..
###


You could see a friendly spectral +0 spear.

Vanquished Creatures
  A dart slug (D:1)
  A leopard gecko (D:1)
  4 goblins (D:1)
  4 hobgoblins (D:1)
  2 jackals (D:1)
  A bat (D:1)
  2 kobolds (D:1)
  5 rats (D:1)
20 creatures vanquished.

Notes
Turn   | Place    | Note
-------+----------+-------------------------------------------
     0 | D:1      | Iamsoldier the Gnoll Skald began the quest for the Orb.
     0 | D:1      | Reached XP level 1. HP: 20/20 MP: 6/6
   215 | D:1      | Reached XP level 2. HP: 24/26 MP: 7/7
   316 | D:1      | Learned a level 2 spell: Shroud of Golubria
   436 | D:1      | Reached XP level 3. HP: 27/31 MP: 9/9
   441 | D:1      | Learned a level 3 spell: Spectral Weapon
   445 | D:1      | Learned a level 3 spell: Regeneration
   718 | D:2      | Noticed Sigmund
   749 | D:2      | Slain by Sigmund

Levels and vault maps discovered:
D:1:      minmay_arrival_diagonal_passages, layout_loops_ring, dk_noncrumbling_3
D:2:      layout_basic, nicolae_ru_the_path_less_chosen, uniq_sigmund,
          uniq_terence

Action                   || total
-------------------------++-------
Melee: Spear             ||    58
       Bite              ||     2
       Dagger            ||    14
 Cast: Infusion          ||     4
       Spectral Weapon   ||     2
Armor: Leather armour    ||    11
Dodge: Dodged            ||    34
